 Dungeon Crawl Stone Soup version 0.28-a0-751-gef3a642a4e (webtiles) character file.

Game seed: 4461457645803733516

5798 ders the Fighter (level 10, -8/71 HPs)
             Began as a Gargoyle Fighter on Oct 29, 2021.
             Was a Follower of Trog.
             Killed from afar by an acid dragon (21 damage)
             ... with a splash of acid
             ... on level 9 of the Dungeon on Oct 30, 2021.
             The game lasted 01:00:34 (11625 turns).

ders the Fighter (Gargoyle Fighter)                Turns: 11625, Time: 01:00:35

Health: -8/71      AC: 18    Str: 27    XL:     10   Next: 79%
Magic:  10/10      EV: 10    Int: 10    God:    Trog [*.....]
Gold:   474        SH:  4    Dex: 10    Spells: 9/9 levels left

rFire   . . .      SeeInvis +   A - +4 morningstar
rCold   . . .      Faith    +   c - +0 buckler
rNeg    + . .      Spirit   .   b - +0 scale mail
rPois   ∞          Reflect  .   (no helmet)
rElec   +          Harm     .   h - +2 cloak
rCorr   .          Rampage  .   o - +0 pair of gloves
Will    .....                   (no boots)
Stlth   ..........              i - amulet of faith
HPRegen 0.21/turn               s - +6 ring of strength
MPRegen 0.12/turn               G - ring of see invisible

@: about to teleport
A: sickness immunity, AC +7, negative energy resistance 1, electricity
resistance, torment resistance 1, petrification resistance
a: Renounce Religion, Berserk


You were on level 9 of the Dungeon.
You worshipped Trog.
Trog was aware of your devotion.
You visited 2 branches of the dungeon, and saw 10 of its levels.
You also visited: Ossuary.

You collected 474 gold pieces.

Inventory:

Hand Weapons
 n - a +2 flail of protection
 p - a +2 dagger of holy wrath
 A - a +4 morningstar (weapon)
Armour
 b - a +0 scale mail (worn)
 c - a +0 buckler (worn)
 h - a +2 cloak (worn)
 o - a +0 pair of gloves (worn)
Jewellery
 i - an amulet of faith (around neck)
 l - a ring of flight
 s - a +6 ring of strength (left hand)
 G - a ring of see invisible (right hand)
Wands
 d - a wand of iceblast (23)
 k - a wand of digging (5)
 t - a wand of polymorph (7)
 F - a wand of charming (6)
Scrolls
 a - 6 scrolls of enchant weapon
 e - 5 scrolls of teleportation
 f - a scroll of vulnerability
 g - a scroll of enchant armour
 q - a scroll of torment {unknown}
 r - a scroll of brand weapon {unknown}
 u - 2 scrolls of immolation
 v - a scroll of fog
 C - a scroll of acquirement {unknown}
 D - a scroll of silence {unknown}
Potions
 j - a potion of attraction
 m - 2 potions of magic
 z - a potion of lignification
 B - a potion of flight


   Skills:
 * Level 12.0 Fighting
 + Level 3.9 Short Blades
 * Level 10.8 Maces & Flails
 - Level 3.6 Armour
 - Level 4.0 Shields


You had 9 spell levels left.
You didn't know any spells.
Your spell library contained the following spells:

 Spells                   Type           Power      Damage    Failure   Level
 Sandblast                Erth           0%         2d4       63%         1
 Passwall                 Tmut/Erth      0%         N/A       77%         2
 Static Discharge         Conj/Air       0%         N/A       77%         2
 Mephitic Cloud           Conj/Pois/Air  0%         N/A       94%         3
 Summon Forest            Summ/Tloc      0%         N/A       100%        5
 Monstrous Menagerie      Summ           0%         N/A       100%        7
 Maxwell's Capacitive Co  Air            0%         ∞         100%        8
 Summon Horrible Things   Summ           0%         N/A       100%        8


Dungeon Overview and Level Annotations

Branches:
Dungeon (9/15)             Temple (1/1) D:7         Ossuary (visited)
   Lair: D:8-11         Orc: D:9-12

Altars:
Ashenzari
Cheibriados
Dithmenos
Elyvilon
Fedhas
Gozag
Hepliaklqana
Kikubaaqudgha
Makhleb
Nemelex Xobeh
Okawaru
Qazlal
Ru
Sif Muna
Trog
Uskayaw
Vehumet
Wu Jian
Xom
Yredelemnul
Zin
The Shining One

Shops:
D:6 *

Annotations:
D:7 1 runed translucent door, petzl's ghost, amateur OpAM


Innate Abilities, Weirdness & Mutations

You are immune to sickness and miasma.
Your stone body is resilient. (AC +7)
You are immune to poison.
You resist negative energy. (rN+)
You are resistant to electric shocks. (rElec)
You are resistant to unholy torment.
You are immune to petrification.


Message History

a +0 robe; a +0 dagger
There is a stone staircase leading down here.
You climb downwards.
There is a stone staircase leading up here.
You see here a +0 flail.
The acid dragon spits acid at you. The splash of acid hits you!
The acid corrodes you! The acid dragon spits acid at you.
The splash of acid hits you!! The acid corrodes you!
The acid dragon spits acid at you. You block the splash of acid.
The acid dragon spits acid at you. The splash of acid hits you!
The acid corrodes you! The acid dragon bites you!
* * * LOW HITPOINT WARNING * * *
The acid dragon claws you.
* * * LOW HITPOINT WARNING * * *
You sock the acid dragon!
The acid dragon is moderately wounded.
The acid dragon bites you!
* * * LOW HITPOINT WARNING * * *
The acid dragon claws you but does no damage.
You are confused.
You feel invigorated. The acid dragon barely misses you. x2
Okay, then.
You are too confused!
You are too confused!
Your magical effects are unravelling.
You feel magically purged.
You feel less invigorated.
You feel less confused.
You are no longer corroded.
The acid dragon closely misses you. The acid dragon claws you.
* * * LOW HITPOINT WARNING * * *
As you read the scroll of teleportation, it crumbles to dust.
You feel strangely unstable. You block the acid dragon's attack.
The acid dragon closely misses you.
You hit the acid dragon.
The acid dragon is heavily wounded.
The acid dragon spits acid at you. The splash of acid hits you!!
You die...

##.......................
##.............#.. ...
##..............# ....
##..........#..##........
##.........#............
##........#..#.........
##..........#.........
##.........#..#......
##.@D........#......
##..........#......
##................
##..............o
##............o.
##............o
##............
##...........
############


You could see an acid dragon (catching breath).

Vanquished Creatures
  Pikel (D:5)
  A troll (D:9)
  Prince Ribbit (D:8)
  Grinder (D:3)
  Sigmund (D:3)
  5 yaks (D:8)
  Eustachio (D:4)
  Menkaure (D:5)
  Duvessa (D:5)
  2 water moccasins
  2 orc warriors
  2 sky beasts
  3 ice beasts (D:6)
  A hornet zombie (D:8)
  2 necrophages (D:6)
  3 centaurs
  2 lemures (D:5)
  3 bullfrogs
  A scorpion (D:5)
  Dowan (D:5)
  6 killer bees
  A vampire bat (D:5)
  17 wights
  2 jellies (D:5)
  3 bullfrog zombies
  Crazy Yiuf (D:5)
  5 orc priests
  An iguana (D:5)
  8 orc wizards
  A killer bee zombie (D:6)
  12 mummies (Ossuary)
  4 gnolls
  4 adders
  A white imp (D:7)
  2 ufetubi
  An adder skeleton (D:5)
  4 dart slugs
  23 orcs
  15 bats
  7 endoplasms
  3 giant cockroaches
  4 goblins (D:1)
  6 hobgoblins
  2 jackals (D:3)
  2 quokkas (D:1)
  8 ball pythons
  A frilled lizard (D:2)
  2 gnoll skeletons (Ossuary)
  2 goblin skeletons (Ossuary)
  5 kobolds
  3 kobold skeletons (Ossuary)
  An orc skeleton (Ossuary)
  4 rats
  11 rat skeletons (Ossuary)
207 creatures vanquished.

Notes
Turn   | Place    | Note
-------+----------+-------------------------------------------
     0 | D:1      | ders the Gargoyle Fighter began the quest for the Orb.
     0 | D:1      | Reached XP level 1. HP: 14/14 MP: 1/1
    45 | D:1      | Reached XP level 2. HP: 8/19 MP: 2/2
   438 | D:1      | Found a faded altar of an unknown god.
   663 | D:1      | Reached XP level 3. HP: 17/23 MP: 3/3
  1625 | D:3      | Noticed Sigmund
  1921 | D:3      | Killed Sigmund
  1922 | D:3      | Reached skill level 5 in Fighting
  1922 | D:3      | Reached XP level 4. HP: 17/31 MP: 4/4
  1922 | D:3      | Reached XP level 5. HP: 19/35 MP: 5/5
  2123 | D:3      | Noticed Grinder
  2127 | D:3      | Paralysed by Grinder for 2 turns
  2152 | D:3      | Killed Grinder
  2153 | D:3      | Reached skill level 6 in Fighting
  2153 | D:3      | Reached XP level 6. HP: 27/41 MP: 6/6
  2363 | D:3      | Got the Tome of Earth and Calling
  2772 | D:4      | Noticed Eustachio
  2832 | D:3      | Reached skill level 5 in Maces & Flails
  2832 | D:3      | Reached XP level 7. HP: 44/46 MP: 7/7
  3354 | D:4      | Killed Eustachio
  3442 | D:4      | Found a white marble altar of Elyvilon.
  3469 | D:4      | Found a glowing golden altar of the Shining One.
  4065 | D:5      | Entered Level 5 of the Dungeon
  4319 | D:5      | Reached skill level 7 in Fighting
  4471 | D:5      | Noticed Menkaure
  4482 | D:5      | Killed Menkaure
  4483 | D:5      | Reached XP level 8. HP: 51/53 MP: 8/8
  4560 | D:5      | Noticed Dowan
  4561 | D:5      | Noticed Duvessa
  4586 | D:5      | Killed Duvessa
  4589 | D:5      | Killed Dowan
  4590 | D:5      | Reached skill level 8 in Fighting
  4633 | D:5      | Upgraded the game from 0.28-a0-750-g7c675f85b1 to
                  | 0.28-a0-751-gef3a642a4e
  5360 | D:5      | Found a runed translucent door.
  5361 | D:5      | Noticed Crazy Yiuf
  5371 | D:5      | Killed Crazy Yiuf
  5550 | D:6      | Found Ossikku's General Store.
  5552 | D:6      | Noticed Pikel
  5713 | D:5      | Killed Pikel
  5714 | D:5      | Reached skill level 9 in Fighting
  5714 | D:5      | Reached XP level 9. HP: 50/60 MP: 9/9
  6006 | D:6      | Found a sand-covered staircase.
  6028 | Ossuary  | Entered an ossuary
  6480 | Ossuary  | Reached skill level 10 in Fighting
  6845 | D:6      | Reached skill level 1 in Short Blades
  7894 | D:7      | Reached XP level 10. HP: 66/68 MP: 10/10
  8544 | D:7      | Found a runed translucent door.
  8545 | D:7      | Found a shimmering altar of Xom.
  8545 | D:7      | Noticed a +0 trident of chaos
  8546 | D:7      | Noticed petzl's ghost (amateur OpAM)
  8561 | D:7      | Found a staircase to the Ecumenical Temple.
  8570 | Temple   | Entered the Ecumenical Temple
  8732 | Temple   | Became a worshipper of Trog the Wrathful
  9418 | D:8      | Reached skill level 11 in Fighting
  9439 | D:8      | Got the Handbook of Supportive Feathers
  9971 | D:9      | Noticed Prince Ribbit
 10005 | D:8      | Killed Prince Ribbit
 10006 | D:8      | Reached skill level 10 in Maces & Flails
 10245 | D:8      | HP: 4/105 [killer bee (3)]
 10250 | D:8      | HP: 4/105 [killer bee (7)]
 10775 | D:8      | Reached * piety under Trog
 11378 | D:8      | Reached skill level 12 in Fighting
 11625 | D:9      | Killed from afar by an acid dragon

Illustrated notes

Levels and vault maps discovered:
D:1:      erik_arrival_orb_chamber, layout_basic, ebering_ecumenical_altar_rust,
          minmay_distorted
D:2:      layout_rooms
D:3:      layout_basic, serial_curves, eino_curves_02, eino_curves_04,
          eino_curves_01, minmay_misc_feat_room, uniq_grinder, uniq_sigmund
D:4:      layout_gridville, mainiacjoe_overflow_two_lobes, uniq_eustachio
D:5:      layout_loops_corners, roderic_batcave, uniq_menkaure,
          uniq_crazy_yiuf_cottage, uniq_duvessa
D:6:      minmay_spotlight, layout_basic, cheibrodos_sewer_entry_sluice,
          serial_shops, shop, nicolae_ossuary_entry_ruins, dk_noncrumbling_3,
          uniq_pikel
D:7:      layout_layer_cave, minmay_temple_entry_mist, ebering_ghost_xom
D:8:      layout_loops_ring
D:9:      layout_big_octagon, minmay_misc_feat_columns, uniq_prince_ribbit1
Temple:   regret_index_temple_chain_breaker

Skill      XL: |  1  2  3  4  5  6  7  8  9 10 |
---------------+-------------------------------+-----
Fighting       | 5 6 7 9 10 12 | 12.0
Maces & Flails | 4 5 6 8 9 10 | 10.8
Shields        | 4 |  4.0
Short Blades   | 2 3 |  3.9
Armour         | |  3.6

Action                   |  1- 3 |  4- 6 |  7- 9 | 10-12 || total
-------------------------+-------+-------+-------+-------++-------
Melee: Flail             |   123 |    62 |   320 |       ||   505
       Dagger            |       |       |   116 |       ||   116
       Morningstar       |       |       |    57 |   160 ||   217
Invok: Berserk           |       |       |       |     3 ||     3
  Use: Scroll            |     8 |     1 |     8 |     7 ||    24
       Potion            |     4 |       |     5 |     8 ||    17
Armor: Scale mail        |    77 |    57 |   291 |   125 ||   550
       Skin              |       |       |    11 |    48 ||    59
Dodge: Dodged            |    55 |    61 |   222 |    94 ||   432
Block: Buckler           |    24 |    28 |   142 |    73 ||   267

Table legend: (Time is in decaauts)
 A = Elapsed time spent in this place.
 B = Non-inter-level travel time spent in this place.
 C = Inter-level travel time spent in this place.
 D = Time resting spent in this place.
 E = Time spent auto-exploring this place.
 F = Levels seen in this place.
 G = Mean time per level.
                   A        B        C        D        E       F      G
               +--------+--------+--------+--------+--------+-----+--------+
         Total |  11734 |  11328 |    406 |   3404 |   5285 |  11 | 1066.7 |
       Dungeon |  10774 |  10390 |    384 |   3062 |   4969 |   9 | 1197.1 |
        Temple |    176 |    154 |     22 |      0 |    133 |   1 |  176.0 |
       Ossuary |    783 |    783 |      0 |    342 |    183 |   1 |  783.0 |
               +--------+--------+--------+--------+--------+-----+--------+

Top non-repeatable levels by time:
     D:8: 1909 daAuts
     D:5: 1747 daAuts
     D:7: 1427 daAuts
     D:3: 1333 daAuts
     D:6: 1137 daAuts
     D:1: 1065 daAuts
     D:4: 960 daAuts
 Ossuary: 783 daAuts
     D:2: 764 daAuts
     D:9: 429 daAuts
  Temple: 176 daAuts
